 Dungeon Crawl Stone Soup version 0.24.0-13-gcf9b319 (webtiles) character file.

Game seed: 17291979541156171701, levelgen mode: deterministic

250 Fang the Covered (level 6, -3/39 HPs)
             Began as a Gargoyle Fighter on Dec 19, 2019.
             Slain by an ogre
             ... wielding a +0 giant club
              (7 damage)
             ... on level 4 of the Dungeon.
             The game lasted 00:04:32 (2019 turns).

Fang the Covered (Gargoyle Fighter)                 Turns: 2019, Time: 00:04:32

Health: -3/39      AC: 11    Str: 27    XL:     6   Next: 13%
Magic:  6/6        EV:  8    Int:  8    God:
Gold:   152        SH: 10    Dex: 12    Spells: 5/5 levels left

rFire    . . .     SeeInvis .   a - +0 war axe
rCold    . . .     Gourm    .   c - +0 shield
rNeg     + + .     Faith    .   b - +0 scale mail
rPois    ∞         Spirit   .   (no helmet)
rElec    +         Reflect  .   (no cloak)
rCorr    .         Harm     .   (no gloves)
MR       .....                  (no boots)
Stlth    ..........             (no amulet)
HPRegen  0.13/turn              j - ring of positive energy
MPRegen  0.10/turn              e - +3 ring of dexterity

@: mighty
A: negative energy resistance 1, electricity resistance, unbreathing,
petrification resistance, rot immunity, AC +4
a: no special abilities


You were on level 4 of the Dungeon.
You were very hungry.

You visited 1 branch of the dungeon, and saw 4 of its levels.

You collected 152 gold pieces.

Inventory:

Hand Weapons
 a - a +0 war axe (weapon)
Armour
 b - a +0 scale mail (worn)
 c - a +0 shield (worn)
Jewellery
 e - a +3 ring of dexterity (right hand)
 j - a ring of positive energy (left hand)
Scrolls
 h - a scroll of enchant weapon {unknown}
 k - 2 scrolls of identify
 n - 3 scrolls of remove curse
 o - a scroll of fog
 p - 6 scrolls of teleportation
Potions
 g - 2 potions of resistance
 i - a potion of lignification {unknown}
 q - a potion of haste
 s - 2 potions of heal wounds
Comestibles
 f - 5 rations


   Skills:
 + Level 4.5 Fighting
 + Level 3.2 Axes
 + Level 4.6 Armour
 + Level 4.6 Shields


You had 5 spell levels left.
You didn't know any spells.
Your spell library contained the following spells:

 Spells                   Type           Power        Failure   Level  Hunger
 Magic Dart               Conj           #...         98%         1    ##.....
 Blink                    Tloc           N/A          99%         2    ###....
 Call Imp                 Summ           #.......     99%         2    ###....
 Slow                     Hex            #.......     99%         2    ###....
 Conjure Flame            Conj/Fire      #.......     100%        3    ####...
 Mephitic Cloud           Conj/Pois/Air  #.......     100%        3    ####...


Dungeon Overview and Level Annotations

Branches:
Dungeon (3/15)

Altars:

Annotations:
D:4 1 runed translucent door, Crazy Yiuf


Innate Abilities, Weirdness & Mutations

You are resistant to torment.
Your stone body is resilient. (AC +4)
You are immune to poison.
You resist negative energy. (rN+)
You are resistant to electric shocks. (rElec)
You can survive without breathing.
You are immune to petrification.
You are immune to rotting.


Message History

The ogre is heavily wounded.
The ogre hits you with a +0 giant club!
* * * LOW HITPOINT WARNING * * *
You are too injured to fight recklessly!
You feel very mighty all of a sudden. The ogre closely misses you.
You barely miss the ogre.
The ogre is heavily wounded.
The ogre hits you with a +0 giant club.
* * * LOW HITPOINT WARNING * * *
You slash the ogre!
The ogre is severely wounded.
You block the ogre's attack.
You hit the ogre.
The ogre is almost dead.
The ogre barely misses you. x2
You closely miss the ogre.
The ogre is almost dead.
The ogre hits you with a +0 giant club!
You die...

###..........#..##.........
.#.#.
############.#...#..###....
#.## ........
#.#............. . .
÷...### #.###.#......### ##
## ....# #.# #.#....#....
....# #.# #.#....# ###
....# #.# #.#..#.#. ....#
#.###........ ....#
#....@........ ....#
######O#...... ##### ...
... #.... . ...... .>.###
#.# .#


You could see an ogre.

Vanquished Creatures
  A phantom (D:4)
  A hound (D:4)
  Natasha (D:2)
  An iguana (D:4)
  3 adders (D:2)
  A worm (D:2)
  A dart slug (D:1)
  A leopard gecko (D:1)
  3 giant cockroaches
  3 goblins (D:1)
  5 hobgoblins
  3 jackals (D:2)
  2 quokkas
  A ball python skeleton (D:4)
  5 bats
  11 frilled lizards
  6 rats
49 creatures vanquished.

Notes
Turn   | Place    | Note
-------+----------+-------------------------------------------
     0 | D:1      | Fang the Gargoyle Fighter began the quest for the Orb.
     0 | D:1      | Reached XP level 1. HP: 14/14 MP: 1/1
   186 | D:1      | Reached XP level 2. HP: 15/19 MP: 2/2
   676 | D:1      | Reached XP level 3. HP: 23/23 MP: 3/3
   946 | D:2      | Found a faded altar of an unknown god.
  1068 | D:2      | Reached XP level 4. HP: 19/29 MP: 4/4
  1270 | D:2      | Noticed Natasha
  1277 | D:2      | Killed Natasha
  1534 | D:3      | You fall into a shaft and drop 1 floor!
  1546 | D:4      | Reached XP level 5. HP: 18/33 MP: 5/5
  1677 | D:4      | Found a runed translucent door.
  1678 | D:4      | Noticed Crazy Yiuf
  1867 | D:4      | Noticed a phantom
  1914 | D:4      | Killed a phantom
  1914 | D:4      | Reached XP level 6. HP: 20/39 MP: 6/6
  2019 | D:4      | Slain by an ogre

Levels and vault maps discovered:
D:1:      lightli_arrival_isolated_outpost, layout_basic
D:2:      layout_loops_ring, chequers_ecumenical_altar_simple, uniq_natasha
D:3:      cheibrodos_helix_gallery, layout_loops_ring, gammafunk_ghost_grave
D:4:      layout_basic, nicolae_overflow_crystal_walls, first_ration,
          sigmund_edmund_badplayer, uniq_crazy_yiuf_cottage, uniq_sigmund

Skill      XL: |  1  2  3  4  5 |
---------------+----------------+-----
Axes           | 2 3 |  3.2
Fighting       | 4 |  4.5
Armour         | 4 |  4.6
Shields        | 4 |  4.6

Action                   |  1- 3 |  4- 6 || total
-------------------------+-------+-------++-------
Melee: War axe           |   139 |    88 ||   227
  Use: Scroll            |    11 |       ||    11
       Potion            |       |     1 ||     1
  Eat: Chunk             |     1 |     2 ||     3
Armor: Scale mail        |    92 |    36 ||   128
Dodge: Dodged            |    52 |    35 ||    87
Block: Shield            |    74 |    54 ||   128
